 Dungeon Crawl Stone Soup version 0.23-a0-290-g290e36d (webtiles) character file.

116523 tilp the Impaler (level 16, 0/127 HPs)
             Began as a Merfolk Ice Elementalist on Oct 2, 2018.
             Was the Champion of Makhleb.
             Slain by Aizul (22 damage)
             ... on level 1 of the Snake Pit on Oct 3, 2018.
             The game lasted 02:57:33 (50696 turns).

tilp the Impaler (Merfolk Ice Elementalist)        Turns: 50696, Time: 02:57:34

Health: 0/127      AC: 14    Str: 18    XL:     16   Next: 71%
Magic:  27/28      EV: 19    Int: 30    God:    Makhleb [******]
Gold:   1163       SH:  0    Dex: 15    Spells: 20/31 levels left

rFire    . . .     SeeInvis .   X - +10 glaive "Hueptium" {freeze, MR+ Str+4 Int+3}
rCold    . . .     Gourm    .   (shield currently unavailable)
rNeg     + + .     Faith    .   v - +2 robe "Odaetass" {rElec rC- MR++ Str+5}
rPois    .         Spirit   .   d - +2 helmet {Int+3}
rElec    +         Reflect  .   p - +2 cloak
rCorr    .         Harm     .   S - +1 pair of gloves
MR       ++++.                  x - +1 pair of boots
Stlth    ++........             O - amulet "Liczutuori" {Acrobat rN++}
HPRegen  0.31/turn              L - ring of protection from cold
MPRegen  0.21/turn              r - +4 ring of intelligence

@: about to teleport, very slightly contaminated, constricted
A: change form in water, swift swim, stealthy swim
a: Minor Destruction, Lesser Servant of Makhleb, Major Destruction, Greater
Servant of Makhleb, Renounce Religion


You were on level 1 of the Snake Pit.
You worshipped Makhleb.
Makhleb was exalted by your worship.
You were hungry.

You visited 4 branches of the dungeon, and saw 25 of its levels.
You also visited: Ossuary.

You collected 2330 gold pieces.
You spent 1167 gold pieces at shops.

Inventory:

Hand Weapons
 b - a +4 scimitar of flaming
 Q - a +8 bardiche of chopping
 X - the +10 glaive "Hueptium" (weapon) {freeze, MR+ Str+4 Int+3}
   (You bought it in a shop on level 2 of the Orcish Mines)

   It has been specially enchanted to freeze those struck by it, causing extra
   injury to most foes and up to half again as much damage against particularly
   susceptible opponents.
   It can also slow down cold-blooded creatures.
   It affects your strength (+4).
   It affects your intelligence (+3).
   It affects your resistance to hostile enchantments.
Missiles
 Y - 8 tomahawks (quivered)
Armour
 d - a +2 helmet of intelligence (worn)
 p - a +2 cloak (worn)
 v - the +2 robe "Odaetass" (worn) {rElec rC- MR++ Str+5}
   (You found it on level 6 of the Lair of Beasts)

   It affects your strength (+5).
   It makes you vulnerable to cold.
   It insulates you from electricity.
   It affects your resistance to hostile enchantments.
 x - a +1 pair of boots (worn)
 D - a scarf of cloud immunity
 I - a +2 robe of resistance
 M - a +1 leather armour of magic resistance
 S - a +1 pair of gloves (worn)
Jewellery
 r - a +4 ring of intelligence (right hand)
 w - an uncursed ring of protection from fire
 B - a +4 ring of evasion
 L - a ring of protection from cold (left hand)
 O - the amulet "Liczutuori" (around neck) {Acrobat rN++}
   (You found it on level 13 of the Dungeon)

   [amulet of the acrobat]

   It helps you evade while moving and waiting.
   It greatly protects you from negative energy.
Wands
 l - a wand of paralysis (59)
 q - a wand of flame (83)
 A - a wand of enslavement (13)
 F - a wand of iceblast (38)
 G - a wand of acid (2)
 N - a wand of polymorph (6)
 P - a wand of disintegration (30)
Scrolls
 a - a scroll of identify
 e - 7 scrolls of remove curse
 h - 5 scrolls of fog
 s - 8 scrolls of amnesia
 z - 7 scrolls of teleportation
 C - a scroll of magic mapping
 H - 3 scrolls of fear
 Z - a scroll of holy word
Potions
 g - 5 potions of cancellation
 i - 6 potions of flight
 j - 2 potions of resistance
 k - 2 potions of invisibility
 m - 4 potions of lignification
 o - a potion of ambrosia
 t - a potion of might
 u - a potion of brilliance
 E - 6 potions of heal wounds
 J - 3 potions of agility
 R - 4 potions of curing
 T - 6 potions of haste
 U - a potion of berserk rage
Comestibles
 c - 41 rations


   Skills:
 + Level 12.2 Fighting
 - Level 20.0 Polearms
 + Level 13.6 Dodging
 - Level 2.1 Stealth
 - Level 8.0 Spellcasting
 - Level 4.0 Conjurations
 + Level 6.5 Charms
 + Level 14.2 Ice Magic
 - Level 5.0 Invocations
 - Level 10.0 Evocations


You had 20 spell levels left.
You knew the following spells:

 Your Spells              Type           Power        Failure   Level  Hunger
a - Freeze                Ice            ####         0%          1    None
b - Throw Frost           Conj/Ice       ######       1%          2    None
c - Ozocubu's Armour      Chrm/Ice       ######..     1%          3    None
d - Throw Icicle          Conj/Ice       ######..     1%          4    #......
e - Apportation           Tloc           ##....       4%          1    None

Your spell library contained the following spells:

 Spells                   Type           Power        Failure   Level  Hunger
 Magic Dart               Conj           ####         1%          1    None
 Searing Ray              Conj           #####.       1%          2    None
 Summon Ice Beast         Ice/Summ       ######..     2%          4    #......
 Animate Skeleton         Necr           N/A          4%          1    None
 Confusing Touch          Hex            ##....       4%          1    None
 Summon Small Mammal      Summ           ##..         4%          1    None
 Dazzling Spray           Conj/Hex       ###...       5%          3    None
 Corpse Rot               Necr           N/A          6%          2    None
 Sublimation of Blood     Necr           ##........   6%          2    None
 Iskenderun's Mystic Bla  Conj           #####...     9%          4    #......
 Ignite Poison            Fire/Tmut/Pois ##......     13%         3    None
 Force Lance              Conj/Tloc      ###.....     19%         4    #......
 Fulminant Prism          Conj/Hex       ###.......   19%         4    #......
 Excruciating Wounds      Chrm/Necr      ####......   30%         5    ####...
 Petrify                  Tmut/Erth      ##......     38%         4    #......
 Bolt of Draining         Conj/Necr      ###.......   45%         5    ####...
 Irradiate                Conj/Tmut      ###.......   45%         5    ####...
 Agony                    Necr           ##......     75%         5    ####...
 Alistair's Intoxication  Tmut/Pois      ##......     75%         5    ####...
 Dispel Undead            Necr           ##......     75%         5    ####...


Dungeon Overview and Level Annotations

Branches:
Dungeon (15/15)            Temple (0/1) D:7            Lair (6/6) D:9
 Shoals (0/4) Lair:3        Snake (2/4) Lair:4        Slime (0/5) Lair:6
    Orc (2/2) D:11            Elf (0/3) Orc:2        Vaults (0/5) D:14
 Depths (0/5) D:15

Altars:
Cheibriados
Elyvilon
Fedhas
Gozag
Kikubaaqudgha
Makhleb
Nemelex Xobeh
Okawaru
Sif Muna
Trog
Uskayaw
Vehumet
Wu Jian
Xom
Zin
The Shining One
Beogh
Jiyva

Shops:
D:7 *   D:10 *   Orc:2 %([!

Annotations:
D:11 Fannar
D:12 exclusion: ogre, Psyche
D:14 exclusion: Roxanne, Roxanne
Lair:4 exclusion: 2 oklob plants
Lair:5 exclusion: 2 death yaks
Lair:6 2 runed doors, Kirke
Snake:1 Aizul


Message History

You climb upwards.
You feel sick.
There is a stone staircase leading down here.
As you read the scroll of teleportation, it crumbles to dust.
You feel strangely unstable.
You feel sick. The guardian serpent misses you. x2
The guardian serpent closely misses you.
The nagaraja hits you with a flail. The nagaraja grabs you.
The nagaraja constricts you.
Aizul coils herself and waves her upper body at you.
The bolt of poison hits you!
You are more poisoned.
* * * LOW HITPOINT WARNING * * *
The bolt of poison hits the guardian serpent.
The guardian serpent barely misses you.
The guardian serpent closely misses you.
The guardian serpent hits you!
* * * LOW HITPOINT WARNING * * *
You feel better.
The guardian serpent looks more healthy.
Aizul hits you!!
You die...

...........#.#...###.##......##
..###........#####....#....#.# #
....#.[......#..#........###.# ##
#...#...........#######.##...###.
###.##.....###...............#.^.
.....###...#............#....#..#
.......#...#............###.....#
.....###.###...SS.......#S#######
######....#....S@S......#.....#.)
....#.....#.....N......#####.##.#
....#.....######..........>...###
.####................####..#.##.#
##.............#..####..####.#...
#..............#.......###...)...
...............####....#.#..)###.
...............#..#....#.##.)....
........#.####.#..#....#..##.....


You could see Aizul, a nagaraja and 3 guardian serpents.

Vanquished Creatures
  A nagaraja (Snake:1)
  A fire giant (D:15)
  2 orc warlords (Orc:2)
  Azrael (D:12)
  6 hydras
  A death knight (D:15)
  18 two-headed ogres
  10 centaur warriors
  3 anacondas (Snake:1)
  5 ogre magi
  2 orc high priests (Orc:2)
  A shock serpent (Snake:1)
  Sonja (Lair:1)
  A deep elf knight (D:14)
  2 naga ritualists (Snake:1)
  5 unseen horrors
  Pikel (D:5)
  A deep elf archer (Orc:2)
  A lindwurm (Lair:6)
  2 wolf spider zombies
  A phantasmal warrior (D:15)
  2 orc knights (Orc:2)
  3 orc sorcerers (Orc:2)
  5 mana vipers (Snake:1)
  6 deep elf magi
  15 ugly things
  An oklob plant (Lair:2)
  2 salamanders (Snake:1)
  6 cyclopes
  6 elephants (Lair:6)
  13 black mambas
  2 naga magi
  11 spiny frogs
  2 molten gargoyles (Lair:6)
  A kobold demonologist (D:14)
  8 komodo dragons
  6 yaktaurs
  A tengu conjurer (D:14)
  A rime drake (Lair:3)
  7 trolls
  A hornet (D:7)
  12 hippogriffs
  4 dream sheep
  4 water elementals
  Sigmund (D:3)
  A shadow (D:14)
  A vampire (D:15)
  2 wraiths
  37 yaks
  Grum (D:8)
  9 wyverns
  5 fire elementals (D:12)
  5 hungry ghosts
  3 steam dragons
  2 basilisks (Lair:6)
  10 vampire mosquitoes
  3 wargs
  Edmund (D:4)
  7 hell hounds
  An acid dragon (D:13)
  14 nagas
  9 water moccasins
  6 porcupines
  A black bear (D:10)
  5 sky beasts
  3 slaves (D:5)
  4 ice beasts
  37 ogres
  28 orc warriors
  16 wolves
  2 phantoms
  15 centaurs
  13 crocodiles
  6 big kobolds
  Blork the orc (D:5)
  21 bullfrogs
  A wyvern zombie (D:13)
  A wyvern skeleton (D:10)
  10 scorpions
  4 electric eels
  A howler monkey (D:4)
  7 wights
  4 lava snakes (Lair:6)
  7 crimson imps
  10 hounds
  A quasit (D:12)
  3 bullfrog skeletons
  25 orc priests
  5 centaur skeletons
  3 centaur zombies
  6 jellies
  Crazy Yiuf (D:5)
  A gnoll shaman (D:6)
  3 iguanas
  Natasha (D:3)
  11 worker ants
  22 orc wizards
  2 big kobold zombies (Ossuary)
  2 hound zombies
  2 hound skeletons
  A mummy (Ossuary)
  2 worker ant zombies
  20 adders
  8 gnolls
  A howler monkey skeleton (D:8)
  7 shadow imps
  2 oozes (D:1)
  3 worms
  5 dart slugs
  7 leopard geckos
  76 orcs
  2 ball pythons
  A bat zombie (D:2)
  9 giant cockroaches
  10 gnoll zombies (Ossuary)
  9 goblins
  3 hobgoblins
  8 jackals
  44 kobolds
  3 quokkas
  12 bats
  3 bat simulacra (Ossuary)
  4 frilled lizards
  A giant cockroach zombie (D:5)
  3 goblin simulacra (Ossuary)
  6 goblin zombies (Ossuary)
  4 hobgoblin zombies (Ossuary)
  3 jackal skeletons
  4 kobold simulacra (Ossuary)
  4 kobold zombies (Ossuary)
  A leopard gecko skeleton (D:4)
  4 orc zombies (Ossuary)
  2 quokka skeletons (D:6)
  A quokka zombie (D:8)
  7 rats
  2 rat simulacra (Ossuary)
  3 rat zombies (D:2)
  4 spectral goblins (Ossuary)
  6 spectral kobolds (Ossuary)
  4 spectral rats (Ossuary)
  A fungus (Lair:6)
  6 plants
894 creatures vanquished.

Vanquished Creatures (collateral kills)
  Rupert (D:12)
  Snorg (D:11)
  Josephine (D:11)
  2 hydras
  Erica (D:8)
  A two-headed ogre (D:11)
  2 skeletal warriors (D:15)
  An orc sorcerer (Orc:1)
  A cyclops (D:11)
  A merfolk siren (Lair:3)
  A black mamba (Lair:1)
  A spiny frog (Lair:4)
  3 wraiths
  A yak (Lair:1)
  3 basilisks
  A warg (Orc:2)
  A porcupine (Lair:2)
  2 wolves (Lair:4)
  An ogre (Orc:2)
  A lava snake (Lair:6)
  A quokka (D:11)
28 creatures vanquished.

Vanquished Creatures (others)
  A hell hound (Lair:6)
  A bush (Lair:2)
  43 fungi
  20 plants
65 creatures vanquished.

Grand Total: 987 creatures vanquished

Notes
Turn   | Place    | Note
-------+----------+-------------------------------------------
     0 | D:1      | tilp the Merfolk Ice Elementalist began the quest for the
                  | Orb.
     0 | D:1      | Reached XP level 1. HP: 13/13 MP: 3/3
   181 | D:1      | Reached XP level 2. HP: 12/19 MP: 1/5
   185 | D:1      | Learned a level 2 spell: Throw Frost
   901 | D:1      | Reached XP level 3. HP: 15/24 MP: 3/6
   916 | D:1      | Learned a level 3 spell: Ozocubu's Armour
  1468 | D:2      | Reached skill level 5 in Ice Magic
  1586 | D:2      | Reached XP level 4. HP: 24/30 MP: 7/7
  1615 | D:2      | Found an ancient bone altar of Kikubaaqudgha.
  2451 | D:3      | Reached XP level 5. HP: 15/35 MP: 4/8
  2761 | D:3      | Noticed Sigmund
  3223 | D:3      | Noticed Natasha
  3234 | D:3      | Killed Natasha
  3234 | D:3      | Reached skill level 1 in Fighting
  3713 | D:4      | Reached XP level 6. HP: 16/45 MP: 0/9
  4212 | D:4      | Noticed Edmund
  4502 | D:4      | Found a deep blue altar of Sif Muna.
  4503 | D:4      | Found a snail-covered altar of Cheibriados.
  4504 | D:4      | Found a sparkling altar of Nemelex Xobeh.
  4505 | D:4      | Found an iron altar of Okawaru.
  4595 | D:5      | Entered Level 5 of the Dungeon
  4611 | D:5      | Found a sand-covered staircase.
  4621 | Ossuary  | Entered an ossuary
  4948 | Ossuary  | Reached skill level 5 in Dodging
  6057 | D:5      | Found a radiant altar of Vehumet.
  6058 | D:5      | Found a burning altar of Makhleb.
  6070 | D:5      | Reached XP level 7. HP: 51/53 MP: 8/10
  6072 | D:5      | Became a worshipper of Makhleb the Destroyer
  6095 | D:5      | Noticed Blork the orc
  6239 | D:5      | Reached skill level 1 in Conjurations
  6374 | D:5      | Reached skill level 1 in Charms
  6374 | D:5      | Reached skill level 1 in Invocations
  6374 | D:5      | Reached skill level 1 in Evocations
  6638 | D:5      | Noticed Pikel
  7018 | D:5      | Reached XP level 8. HP: 42/60 MP: 7/11
  7971 | D:5      | Found a runed door.
  7975 | D:5      | Noticed Crazy Yiuf
  7985 | D:5      | Killed Crazy Yiuf
  8364 | D:6      | Reached * piety under Makhleb
  9137 | D:6      | Reached XP level 9. HP: 64/65 MP: 9/15
  9931 | D:7      | Found a hide-covered altar of Uskayaw.
 10133 | D:7      | Found an opulent altar of Gozag.
 10140 | D:7      | Found Gozag's Platinum Reserve.
 10218 | D:7      | Found a staircase to the Ecumenical Temple.
 10389 | D:7      | Reached ** piety under Makhleb
 10420 | D:7      | Noticed a hornet
 10655 | D:7      | Noticed a moth of wrath
 10658 | D:7      | Found a bloodstained altar of Trog.
 11003 | D:8      | Reached skill level 5 in Invocations
 11128 | D:8      | Reached skill level 5 in Spellcasting
 11327 | D:8      | Reached skill level 5 in Evocations
 11578 | D:8      | Noticed Grum
 11579 | D:8      | Noticed a two-headed ogre
 12674 | D:8      | Killed Grum
 12674 | D:8      | Reached skill level 5 in Fighting
 12850 | D:8      | Reached XP level 10. HP: 74/74 MP: 11/19
 13080 | D:8      | Noticed Erica
 13474 | D:9      | Found a staircase to the Lair.
 13474 | D:9      | Noticed an elephant
 13911 | D:9      | Reached *** piety under Makhleb
 14789 | D:9      | Found a glowing golden altar of the Shining One.
 14793 | D:9      | Found a glowing silver altar of Zin.
 14794 | D:9      | Found a white marble altar of Elyvilon.
 15168 | D:3      | Killed Sigmund
 15358 | D:4      | Killed Edmund
 15582 | D:5      | Killed Pikel
 15768 | D:5      | Killed Blork the orc
 16128 | D:10     | Entered Level 10 of the Dungeon
 16518 | D:10     | Reached XP level 11. HP: 77/84 MP: 16/20
 17300 | D:10     | Reached skill level 10 in Dodging
 17658 | D:10     | Reached skill level 10 in Ice Magic
 17918 | D:10     | Found Gitorof's Changing Room.
 18143 | D:10     | Reached skill level 1 in Polearms
 18173 | D:10     | Bought a potion of lignification for 30 gold pieces
 18381 | D:11     | Found an ornate altar of the Wu Jian Council.
 18390 | D:11     | Noticed a two-headed ogre
 18655 | D:11     | Noticed Snorg
 18847 | D:11     | Reached skill level 2 in Polearms
 18925 | D:11     | Reached **** piety under Makhleb
 19067 | D:11     | Noticed a white ugly thing
 19261 | D:7      | Paralysed by a hornet for 2 turns
 19362 | D:8      | Killed Erica
 19362 | D:8      | Reached skill level 3 in Polearms
 19585 | Lair:1   | Entered Level 1 of the Lair of Beasts
 19994 | Lair:1   | Noticed Sonja
 19999 | Lair:1   | Learned a level 1 spell: Apportation
 20037 | Lair:1   | Learned a level 4 spell: Throw Icicle
 20785 | Lair:1   | Found a radiant altar of Vehumet.
 21053 | Lair:1   | Reached skill level 4 in Polearms
 22157 | Lair:1   | Reached skill level 5 in Polearms
 22838 | Lair:2   | Found a blossoming altar of Fedhas.
 22858 | Lair:2   | Reached XP level 12. HP: 95/95 MP: 14/21
 23279 | Lair:2   | Reached skill level 6 in Polearms
 23522 | Lair:2   | Noticed a six-headed hydra
 23529 | Lair:2   | Killed a five-headed hydra
 23610 | Lair:2   | Got a bloodstained chain mail
 23839 | Lair:3   | Identified the +1 chain mail "Doraded" {Dex+4} (You found
                  | it on level 2 of the Lair of Beasts)
 24281 | Lair:3   | Found a staircase to the Shoals.
 24690 | Lair:3   | Reached skill level 10 in Fighting
 25706 | Lair:4   | Found a staircase to the Snake Pit.
 25976 | Lair:4   | Got a dazzling plate armour
 25993 | Lair:4   | Identified the cursed +1 plate armour "Nossuoxe" {rElec
                  | Str+4 Int+3 Stlth+} (You found it on level 4 of the Lair of
                  | Beasts)
 26227 | Lair:4   | Noticed a seven-headed hydra
 26398 | Lair:4   | Reached skill level 7 in Polearms
 26795 | Lair:4   | Killed a six-headed hydra
 26795 | Lair:4   | Reached skill level 8 in Polearms
 27292 | Lair:4   | Reached skill level 9 in Polearms
 27484 | Lair:5   | Noticed a death yak
 27716 | Lair:4   | Reached skill level 10 in Polearms
 28329 | Lair:5   | Reached skill level 11 in Polearms
 28329 | Lair:5   | Reached XP level 13. HP: 103/103 MP: 15/22
 29014 | D:11     | Found a roughly hewn altar of Beogh.
 29014 | D:11     | Found a staircase to the Orcish Mines.
 29033 | D:11     | Noticed Josephine
 29283 | D:11     | Reached skill level 12 in Polearms
 30159 | D:11     | Reached skill level 13 in Polearms
 30320 | D:11     | Noticed Fannar
 30994 | D:11     | Killed Josephine
 31089 | D:11     | Killed Snorg
 31089 | D:11     | Reached skill level 14 in Polearms
 31690 | Orc:1    | Entered Level 1 of the Orcish Mines
 31691 | Orc:1    | Upgraded the game from 0.23-a0-275-g0cf4261 to
                  | 0.23-a0-290-g290e36d
 32605 | Orc:2    | Entered Level 2 of the Orcish Mines
 32721 | Orc:2    | Paralysed by an orc sorcerer for 6 turns
 32767 | Orc:2    | Noticed an orc warlord
 32771 | Orc:1    | Reached skill level 15 in Polearms
 32960 | D:11     | Paralysed by fainting for 11 turns
 33512 | D:12     | Noticed Rupert
 33517 | D:12     | Paralysed by Rupert for 2 turns
 33553 | D:12     | Noticed Psyche
 33740 | D:12     | Noticed Azrael
 33761 | D:12     | Reached skill level 16 in Polearms
 33845 | D:12     | Killed Azrael
 34127 | D:12     | Paralysed by Rupert for 4 turns
 34134 | D:12     | Killed Rupert
 34134 | D:12     | Reached skill level 17 in Polearms
 34927 | D:13     | Reached XP level 14. HP: 90/110 MP: 17/23
 35121 | D:13     | Got a pitted ivory amulet
 35122 | D:13     | Identified the amulet "Liczutuori" {Acrobat rN++} (You
                  | found it on level 13 of the Dungeon)
 35200 | D:13     | Reached ***** piety under Makhleb
 35540 | Lair:1   | Killed Sonja
 35829 | Lair:6   | Entered Level 6 of the Lair of Beasts
 36049 | Lair:6   | Got a faintly humming robe
 36347 | Lair:6   | Reached skill level 18 in Polearms
 36456 | Lair:6   | Found a staircase to the Slime Pits.
 36456 | Lair:6   | Found a viscous altar of Jiyva.
 37745 | Lair:6   | Noticed Kirke
 37766 | Lair:6   | Found a large runed door.
 38188 | Lair:6   | Found a large runed door.
 39091 | D:14     | Noticed Roxanne
 39324 | D:14     | Reached skill level 19 in Polearms
 39919 | D:14     | Found a shimmering altar of Xom.
 40516 | D:14     | Found a shimmering altar of Xom.
 40516 | D:14     | Found a shimmering altar of Xom.
 40517 | D:14     | Found a shimmering altar of Xom.
 40517 | D:14     | Found a shimmering altar of Xom.
 40521 | D:14     | Found a shimmering altar of Xom.
 40521 | D:14     | Found a shimmering altar of Xom.
 40552 | D:14     | Reached skill level 20 in Polearms
 40804 | D:14     | Reached XP level 15. HP: 120/120 MP: 21/24
 41593 | D:14     | Found a gate to the Vaults.
 42477 | D:15     | Entered Level 15 of the Dungeon
 42485 | D:14     | Reached skill level 5 in Charms
 42963 | D:15     | Identified the +2 robe "Odaetass" {rElec rC- MR++ Str+5}
                  | (You found it on level 6 of the Lair of Beasts)
 44832 | D:15     | Noticed a fire giant
 45173 | D:15     | Found a staircase to the Depths.
 45202 | D:15     | Killed a fire giant
 45445 | D:15     | Found a glowing golden altar of the Shining One.
 46239 | Orc:2    | Killed an orc warlord
 46266 | Orc:2    | Found a staircase to the Elven Halls.
 47022 | Orc:2    | Noticed an orc warlord
 47039 | Orc:2    | Killed an orc warlord
 47039 | Orc:2    | Reached XP level 16. HP: 115/127 MP: 25/27
 47395 | Orc:2    | Found Ymeydiewk's Antique Weapon Emporium.
 47395 | Orc:2    | Found Voffi's Distillery.
 47593 | Orc:2    | Found Guobruit's Armour Emporium.
 47593 | Orc:2    | Found Yrupnar's Food Boutique.
 47723 | Orc:2    | Reached skill level 10 in Evocations
 47853 | Orc:2    | Reached ****** piety under Makhleb
 48785 | Orc:2    | Bought a potion of heal wounds for 75 gold pieces
 48785 | Orc:2    | Bought a potion of haste for 150 gold pieces
 48785 | Orc:2    | Bought a potion of heal wounds for 75 gold pieces
 48785 | Orc:2    | Bought a potion of agility for 60 gold pieces
 48785 | Orc:2    | Bought a potion of heal wounds for 75 gold pieces
 48785 | Orc:2    | Bought a potion of heal wounds for 75 gold pieces
 48785 | Orc:2    | Bought a potion of curing for 45 gold pieces
 48785 | Orc:2    | Bought a potion of curing for 45 gold pieces
 48785 | Orc:2    | Bought a potion of berserk rage for 75 gold pieces
 48786 | Orc:2    | Bought a runed glaive for 209 gold pieces
 48786 | Orc:2    | Bought a twisted glaive for 253 gold pieces
 48933 | Orc:1    | Identified the +10 glaive "Hueptium" {freeze, MR+ Str+4
                  | Int+3} (You bought it in a shop on level 2 of the Orcish
                  | Mines)
 49214 | Snake:1  | Entered Level 1 of the Snake Pit
 49454 | Snake:1  | Noticed a nagaraja
 49481 | Snake:1  | Killed a nagaraja
 50688 | Snake:2  | Noticed a nagaraja
 50689 | Snake:2  | Noticed Aizul
 50696 | Snake:1  | Slain by Aizul

Vault maps used:
D:1:      lemuel_arrival_funnel, serial_forest, infiniplex_forest_straight_1,
          infiniplex_forest_lined_3_way, infiniplex_forest_clump_curved,
          infiniplex_forest_corner_1, infiniplex_forest_lined_4_way,
          infiniplex_forest_straight_3
D:2:      lemuel_zombie_altar_kikubaaqudgha
D:3:      uniq_sigmund, uniq_natasha
D:4:      minitemple, first_ration, hangedman_decor_push, uniq_edmund
D:5:      grunt_temple_overflow_lords_of_destruction,
          cheibrodos_sewer_entry_sluice, enter_ossuary_1, uniq_blork_the_orc,
          uniq_pikel, uniq_crazy_yiuf_cottage
D:6:      minmay_joined_circles
D:7:      tgw_trog, nicolae_gozag_zags_fifth_avenue,
          minmay_temple_entry_statues_pillars, basic_altar
D:8:      kennysheep_kobold_camp, uniq_grum, uniq_erica
D:9:      good_gods_mini_temple, david_lair_generic, blue_anna_alchemist
D:10:     nicolae_transmutations_shop
D:11:     david_orc_5, basic_altar, nicolae_two_hexagons, small_statue_alley_a,
          st_stairs_4, uniq_fannar, uniq_josephine, uniq_snorg
D:12:     old_forge, uniq_rupert, uniq_psyche, uniq_azrael
D:14:     hangedman_vaults_entry_quadrant_bands, serial_bayou,
          serial_bayou_pond_b, serial_bayou_lagoon_a, serial_bayou_pond_a,
          serial_bayou_shore_a, serial_park_square3, nicolae_xom_altar_mimics,
          uniq_roxanne
D:15:     grunt_enter_depths_giant_problem, tso_altar
Lair:1:   basic_altar, serial_bayou_lagoon_b, uniq_sonja
Lair:2:   cheibrodos_lair_river_kwai, tgw_fedhas, infiniplex_staircase_pool_2
Lair:3:   elwin_shoals_entry_rooms, grunt_forest_stairs_basic
Lair:4:   guppyfry_snake_entry_garden, lemuel_fruit_tree, lemuel_fruit_fields,
          minmay_lair_oklob_chamber
Lair:5:   cheibrodos_lair_reptile_den
Lair:6:   cheibrodos_lair_end_hotspot, slime_altar_1, uniq_kirke
Snake:2:  nicolae_aizul_guard, grunt_megastairs_1
Orc:2:    st_orc_ogre_mass, elf_legates
Ossuary:  ossuary_zaba_two_paths

Skill      XL: |  1  2  3  4  5  6  7  8  9 10 11 12 13 14 15 16 |
---------------+-------------------------------------------------+-----
Ice Magic      | 4 5 6 8 10 12 13 14 | 14.2
Dodging        | 4 5 6 7 9 10 11 13 | 13.6
Fighting       | 2 3 4 5 7 9 10 12 | 12.2
Conjurations   | 1 2 4 |  4.0
Charms         | 1 3 4 6 |  6.5
Invocations    | 1 3 5 |  5.0
Evocations     | 1 3 5 6 8 9 10 | 10.0
Spellcasting   | 4 6 7 8 |  8.0
Polearms       | 5 11 17 20 | 20.0
Stealth        | |  2.1

Action                   |  1- 3 |  4- 6 |  7- 9 | 10-12 | 13-15 | 16-18 || total
-------------------------+-------+-------+-------+-------+-------+-------++-------
Melee: Whip              |    12 |       |       |       |       |       ||    12
       Dagger            |    65 |   423 |   841 |   661 |   353 |       ||  2343
       Hand axe          |       |       |       |   177 |       |       ||   177
       Tailslap          |       |       |       |     6 |       |       ||     6
       Scimitar          |       |       |       |     2 |    18 |       ||    20
       Glaive            |       |       |       |       |  1637 |   364 ||  2001
Throw: Stone             |       |    11 |     6 |     1 |       |       ||    18
       Tomahawk          |       |       |     3 |     7 |    20 |       ||    30
 Cast: Freeze            |    20 |    18 |   150 |   247 |   101 |       ||   536
       Ozocubu's Armour  |       |    12 |    44 |    72 |   130 |    35 ||   293
       Throw Frost       |       |     3 |    23 |    47 |    34 |    13 ||   120
       Throw Icicle      |       |       |       |     8 |    86 |    21 ||   115
       Apportation       |       |       |       |    10 |     5 |       ||    15
Invok: Lesser Servant of |       |       |       |    11 |    28 |       ||    39
Evoke: Wand              |       |       |     7 |       |     9 |       ||    16
  Use: Scroll            |     4 |     7 |     6 |    15 |     8 |     8 ||    48
       Potion            |       |     2 |     6 |     2 |     9 |     1 ||    20
 Stab: Sleeping          |     3 |    17 |     8 |    13 |     9 |     1 ||    51
       Distracted        |       |       |       |     1 |    10 |     2 ||    13
  Eat: Chunk             |     2 |    11 |    18 |    43 |    42 |     8 ||   124
       Ration            |       |     2 |     2 |     4 |    10 |     1 ||    19
Armor: Robe              |     3 |       |   129 |   183 |   463 |    45 ||   823
       Leather armour    |    11 |    72 |    25 |       |       |       ||   108
       Ring mail         |       |       |       |    47 |       |       ||    47
       Skin              |       |       |       |    21 |     5 |       ||    26
Dodge: Dodged            |    47 |   210 |   508 |  1034 |  1714 |   215 ||  3728
       Rpst.: Scimitar   |       |       |       |       |     6 |       ||     6

Table legend:
 A = Non-vault XP
 B = Vault XP
 C = Vault XP percentage of total XP
 D = Non-vault monster count
 E = Vault monster count
 F = Vault count percentage of total count
                 A         B        C        D         E       F
            +---------+---------+-------+---------+---------+-------
      Total |  106130 |   60332 |  36.2 |     620 |     293 |  32.1
            +---------+---------+-------+---------+---------+-------
        D:1 |      62 |       0 |   0.0 |      26 |       0 |   0.0
        D:2 |      38 |       5 |  11.6 |      15 |       4 |  21.1
        D:3 |     120 |     260 |  68.4 |      23 |       2 |   8.0
        D:4 |     222 |     154 |  41.0 |      10 |       1 |   9.1
        D:5 |     950 |     836 |  46.8 |      25 |       7 |  21.9
        D:6 |     558 |     383 |  40.7 |      21 |      12 |  36.4
        D:7 |     649 |     248 |  27.6 |      16 |       7 |  30.4
        D:8 |    1193 |    1014 |  45.9 |      20 |      25 |  55.6
        D:9 |    2160 |     399 |  15.6 |      25 |       3 |  10.7
       D:10 |    3777 |     354 |   8.6 |      35 |       3 |   7.9
       D:11 |    7692 |    2495 |  24.5 |      42 |      25 |  37.3
       D:12 |    3530 |    5043 |  58.8 |      22 |      23 |  51.1
       D:13 |    5706 |       0 |   0.0 |      27 |       0 |   0.0
       D:14 |   12843 |    9963 |  43.7 |      38 |      23 |  37.7
       D:15 |   17363 |    1673 |   8.8 |      38 |       1 |   2.6
     Lair:1 |    2967 |     795 |  21.1 |      20 |       1 |   4.8
     Lair:2 |    2439 |    2543 |  51.0 |      13 |       7 |  35.0
     Lair:3 |    2012 |     311 |  13.4 |      10 |       1 |   9.1
     Lair:4 |    5043 |     661 |  11.6 |      26 |       3 |  10.3
     Lair:5 |    2294 |     506 |  18.1 |       7 |       7 |  50.0
     Lair:6 |    8603 |    7383 |  46.2 |      31 |      28 |  47.5
    Snake:1 |   16092 |       0 |   0.0 |      32 |       0 |   0.0
    Snake:2 |     756 |       0 |   0.0 |       3 |       0 |   0.0
      Orc:1 |    2146 |       0 |   0.0 |      39 |       0 |   0.0
      Orc:2 |    6915 |   25176 |  78.5 |      56 |      53 |  48.6
    Ossuary |       0 |     130 | 100.0 |       0 |      57 | 100.0
            +---------+---------+-------+---------+---------+-------
